 Dungeon Crawl Stone Soup version 0.28.0 (webtiles) character file.

Game seed: 17723699569227316949

6945 RighteousDevil the Bludgeoner (level 10, -3/81 HPs)
             Began as a Deep Dwarf Monk on Feb 11, 2022.
             Shot with an arrow by a centaur warrior (8 damage)
             ... on level 9 of the Dungeon.
             The game lasted 00:15:18 (7326 turns).

RighteousDevil the Bludgeoner (Deep Dwarf Monk)     Turns: 7326, Time: 00:15:19

Health: -3/81      AC: 16    Str: 22    XL:     10   Next: 80%
Magic:  6/6        EV:  8    Int: 13    God:
Gold:   162        SH:  0    Dex: 17    Spells: 9/9 levels left

rFire   . . .      SeeInvis +   b - +1 morningstar of Plog {speed, rN+ rCorr Str-4 Dex+2}
rCold   . . .      Faith    .   (no shield)
rNeg    + . .      Spirit   .   y - +0 plate armour
rPois   +          Reflect  .   (no helmet)
rElec   .          Harm     .   k - +2 cloak
rCorr   +          Rampage  .   g - +0 pair of gloves
Will    ++...                   (no boots)
Stlth   ..........              f - amulet of the acrobat
HPRegen 0.00/turn               d - +6 ring of strength
MPRegen 0.10/turn               n - ring of Loickami {rPois Will+ Int+3 SInv}

@: flying, invisible
A: damage resistance, heal wounds, sense surroundings 2, no regeneration
a: Heal Wounds


You were on level 9 of the Dungeon.
You visited 2 branches of the dungeon, and saw 10 of its levels.
You also visited: Ossuary.

You collected 378 gold pieces.
You spent 216 gold pieces at shops.

Inventory:

Hand Weapons
 a - a +4 spectral mace
 b - the +1 morningstar of Plog (weapon) {speed, rN+ rCorr Str-4 Dex+2}
   (You bought it in a shop on level 3 of the Dungeon)

   Attacks with this weapon are significantly faster.
   Str:       It affects your strength (-4).
   Dex:       It affects your dexterity (+2).
   rN:        It protects you from negative energy.
   rCorr:     It protects you from acid and corrosion.
Armour
 g - a +0 pair of gloves (worn)
 k - a +2 cloak (worn)
 y - a +0 plate armour (worn)
Jewellery
 d - a +6 ring of strength (left hand)
 f - an amulet of the acrobat (around neck)
 n - the ring of Loickami (right hand) {rPois Will+ Int+3 SInv}
   (You found it on level 6 of the Dungeon)

   [ring of see invisible]

   Int:       It affects your intelligence (+3).
   rPois:     It protects you from poison.
   SInv:      It lets you see invisible.
   Will:      It increases your willpower.
 o - a ring of protection from cold
 z - an amulet of faith
Wands
 c - a wand of acid (5)
 h - a wand of flame (16)
 q - a wand of paralysis (8)
 t - a wand of mindburst (15)
 u - a wand of polymorph (3)
Scrolls
 p - 4 scrolls of fear
 r - 2 scrolls of blinking
 s - 5 scrolls of teleportation
 A - a scroll of magic mapping
 G - 3 scrolls of fog
 H - a scroll of vulnerability
 K - a scroll of holy word
Potions
 e - a potion of mutation
 j - 2 potions of brilliance
 l - 2 potions of might
 m - 4 potions of lignification
 w - 2 potions of resistance
 x - 5 potions of curing
 D - 2 potions of attraction
 F - a potion of cancellation {unknown}
 J - a potion of haste {unknown}


   Skills:
 - Level 2.6 Fighting
 - Level 16.0 Maces & Flails
 + Level 4.7 Armour
 - Level 3.2 Dodging
 - Level 2.4 Stealth


You had 9 spell levels left.
You didn't know any spells.
Your spell library contained the following spells:

 Spells                   Type           Power      Damage    Failure   Level
 Beastly Appendage        Tmut           0%         N/A       99%         1
 Sandblast                Erth           0%         2d4       99%         1
 Slow                     Hex            0%         N/A       99%         1
 Passwall                 Tmut/Erth      0%         N/A       100%        2
 Wereblood                Tmut           0%         N/A       100%        2
 Confusing Touch          Hex            0%         N/A       100%        3
 Dazzling Flash           Conj/Hex       0%         N/A       100%        3
 Spider Form              Tmut/Pois      0%         N/A       100%        3
 Stone Arrow              Conj/Erth      0%         3d7       100%        3
 Vampiric Draining        Necr           0%         2d6       100%        3
 Iskenderun's Mystic Bla  Conj/Tloc      0%         2d3       100%        4
 Agony                    Necr           0%         N/A       100%        5
 Silence                  Hex/Air        0%         N/A       100%        5
 Starburst                Conj/Fire      0%         6d3       100%        6


Dungeon Overview and Level Annotations

Branches:
Dungeon (9/15)             Temple (1/1) D:7         Ossuary (visited)
   Lair: D:8-11         Orc: D:9-12

Altars:
Ashenzari
Dithmenos
Elyvilon
Fedhas
Gozag
Hepliaklqana
Kikubaaqudgha
Makhleb
Nemelex Xobeh
Okawaru
Qazlal
Ru
Sif Muna
Uskayaw
Vehumet
Wu Jian
Xom
Yredelemnul
Zin
The Shining One

Shops:
D:3 ((


Innate Abilities, Weirdness & Mutations

You are resistant to damage.
You can heal yourself by infusing magical energy.
You passively map the area around you.
You do not regenerate.


Message History

You hit the yak but do no damage. You puncture the yak!
The yak is moderately wounded.
The yak gores you.
You sock the yak!
The yak is almost dead.
You hit the yak.
The yak is almost dead.
The yak gores you.
* * * LOW HITPOINT WARNING * * *
You puncture the yak!
You kill the yak!
You see here a yak corpse.
(D) Dungeon (T) Temple
Where to? (Enter - D:9, ? - help)
Okay, then.
It was a potion of flight.
You feel very buoyant.
You fly up into the air.
Unknown command.
It was a potion of invisibility.
You fade into invisibility!
Unknown command.
It was a potion of heal wounds.
You feel much better.
Unknown command.
There is a stone staircase leading down, spattered with blood here.
There is a stone staircase leading down, spattered with blood here.
You fly downwards.
The centaur warrior shoots an arrow.
The arrow hits you!
The orc throws a boomerang.
The boomerang hits you. The yak closely misses you. The yak gores you.
The yak gores you!
The centaur warrior shoots an arrow.
The arrow hits you!
* * * LOW HITPOINT WARNING * * *
The yak barely misses you. x2; The yak gores you but does no damage.
The yak gores you!
* * * LOW HITPOINT WARNING * * *
The centaur shoots an arrow.
The arrow hits you!
* * * LOW HITPOINT WARNING * * *
There is a stone staircase leading up, spattered with blood here.
The centaur warrior shoots an arrow.
The arrow hits you!
You die...

#............#..... , ,
#.................. ,
*#.#............... ,
#....##.........#, , *
##........#....># , ,
####............#### , ,
##..........[.......# ,,
< #............Y.Y...# *
*, ##...........Y@....#
##..........Y....c## ,
#...............o.... ,
##..................c, *
*###....##.........#...,
#.#......#.....)....#*#.
, >....................#
.......†..........##...
#........Y.......##*.#.
,* , ,<,


You could see a centaur warrior, 4 yaks, a centaur and an orc.

Vanquished Creatures
  A deep elf pyromancer (D:9)
  Joseph (D:8)
  Sigmund (D:6)
  12 yaks (D:8)
  A steam dragon (D:8)
  An acid dragon (D:9)
  2 water moccasins
  An orc warrior (D:7)
  A necrophage (D:3)
  An ogre (D:6)
  A centaur (D:8)
  2 phantoms (D:5)
  3 kobold brigands
  Blork the orc (D:6)
  2 wyvern zombies
  7 bullfrogs
  2 scorpions
  2 gnoll sergeants
  2 water moccasin zombies
  A wyvern skeleton (D:7)
  8 killer bees (D:7)
  A howler monkey (D:4)
  6 bullfrog zombies (Ossuary)
  3 centaur zombies (Ossuary)
  2 bullfrog skeletons (D:6)
  2 hounds
  A centaur skeleton (D:7)
  4 orc priests
  4 jellies
  14 mummies (Ossuary)
  Ijyb (D:5)
  An iguana (D:6)
  10 orc wizards
  6 killer bee zombies
  A hound skeleton (D:4)
  2 howler monkey zombies (Ossuary)
  11 gnolls
  A howler monkey skeleton (D:3)
  6 adders
  A shadow imp (D:5)
  An ufetubus (D:7)
  A worm (D:2)
  3 dart slugs
  24 orcs
  11 endoplasms
  4 giant cockroaches
  2 goblins
  5 hobgoblins
  8 jackals
  3 quokkas
  6 ball pythons
  8 bats
  7 frilled lizards
  20 kobolds
  3 rats
236 creatures vanquished.

Notes
Turn   | Place    | Note
-------+----------+-------------------------------------------
     0 | D:1      | RighteousDevil the Deep Dwarf Monk began the quest for the
                  | Orb.
     0 | D:1      | Reached XP level 1. HP: 20/20 MP: 1/1
   134 | D:1      | Reached XP level 2. HP: 12/27 MP: 2/2
   344 | D:1      | Reached skill level 4 in Maces & Flails
   697 | D:1      | Reached XP level 3. HP: 18/33 MP: 3/3
  1136 | D:2      | Reached XP level 4. HP: 30/40 MP: 4/4
  1156 | D:2      | Reached skill level 5 in Maces & Flails
  1783 | D:3      | Found Gearas's Antique Weapon Boutique.
  2095 | D:3      | Noticed a necrophage
  2107 | D:3      | Killed a necrophage
  2108 | D:3      | Reached skill level 6 in Maces & Flails
  2108 | D:3      | Reached XP level 5. HP: 41/46 MP: 5/5
  2327 | D:3      | Found Qoqiggat's Antique Weapon Boutique.
  2566 | D:4      | Reached skill level 7 in Maces & Flails
  2566 | D:4      | Reached XP level 6. HP: 43/55 MP: 5/5
  2582 | D:4      | Found an iron altar of Okawaru.
  3635 | D:5      | Entered Level 5 of the Dungeon
  3657 | D:5      | Reached skill level 8 in Maces & Flails
  3657 | D:5      | Reached XP level 7. HP: 48/61 MP: 6/6
  3754 | D:5      | Found a broken altar of Ashenzari.
  3755 | D:5      | Found a radiant altar of Vehumet.
  3835 | D:5      | Reached skill level 9 in Maces & Flails
  3856 | D:5      | Noticed Ijyb
  3862 | D:5      | Killed Ijyb
  4357 | D:6      | Noticed Sigmund
  4368 | D:6      | Reached XP level 8. HP: 62/68 MP: 7/7
  4372 | D:6      | Killed Sigmund
  4373 | D:6      | Reached skill level 10 in Maces & Flails
  4388 | D:6      | Noticed Blork the orc
  4401 | D:6      | Killed Blork the orc
  4513 | D:6      | Identified the ring of Loickami {rPois Will+ Int+3 SInv}
  4542 | D:6      | Found a sand-covered staircase.
  4547 | Ossuary  | Entered an ossuary
  4570 | Ossuary  | Reached skill level 11 in Maces & Flails
  4827 | Ossuary  | Reached skill level 12 in Maces & Flails
  4841 | Ossuary  | Gained mutation: You passively map the area around you.
                  | [Deep Dwarf growth]
  4841 | Ossuary  | Reached XP level 9. HP: 47/74 MP: 8/8
  5125 | D:3      | Bought an iridescent morningstar for 216 gold pieces
  5125 | D:3      | Identified the +1 morningstar of Plog {speed, rN+ rCorr
                  | Str-4 Dex+2} (You bought it in a shop on level 3 of the
                  | Dungeon)
  5343 | D:6      | Found a sacrificial altar of Ru.
  5564 | D:7      | Found a staircase to the Ecumenical Temple.
  5589 | Temple   | Entered the Ecumenical Temple
  5862 | D:7      | Reached skill level 13 in Maces & Flails
  6362 | D:7      | Reached skill level 14 in Maces & Flails
  6520 | D:8      | Reached XP level 10. HP: 58/81 MP: 8/8
  6552 | D:8      | Reached skill level 15 in Maces & Flails
  6634 | D:8      | Noticed Joseph
  6657 | D:8      | Killed Joseph
  7130 | D:9      | Noticed a deep elf pyromancer
  7155 | D:9      | Killed a deep elf pyromancer
  7208 | D:8      | Reached skill level 16 in Maces & Flails
  7216 | D:8      | Reached skill level 1 in Armour
  7221 | D:9      | Noticed a centaur warrior
  7326 | D:9      | Shot with an arrow by a centaur warrior

Illustrated notes

Levels and vault maps discovered:
D:1:      lemuel_arrival_room, layout_basic, nrook_loot_triangle,
          serial_bayou_pond_c
D:2:      layout_loops_ring
D:3:      layout_basic, serial_shops, nicolae_diamond_shop, shop
D:4:      layout_basic, okawaru_gym_becter, serial_corexii_hall,
          chequers_hall_statues_y, corexii_hall_statues_l,
          corexii_hall_statues_t
D:5:      layout_basic, grunt_temple_overflow_open, uniq_ijyb
D:6:      layout_loops_ring, hangedman_ru_absence, enter_ossuary_2,
          uniq_sigmund, uniq_blork_the_orc
D:7:      layout_basic, minmay_temple_entry_glass, eino_tiny_chamber,
          minmay_a_box_with_orc_wizards_in_it
D:8:      layout_basic, uniq_joseph
D:9:      layout_cave_pools, grunt_lair_entry_orc_guard_hut,
          minmay_misc_feat_tower
Temple:   nicolae_temple_elliptical

Skill      XL: |  1  2  3  4  5  6  7  8  9 10 |
---------------+-------------------------------+-----
Maces & Flails | 4 6 7 8 9 12 14 16 | 16.0
Armour         | 4 |  4.7
Fighting       | |  2.6
Dodging        | |  3.2
Stealth        | |  2.4

Action                   |  1- 3 |  4- 6 |  7- 9 | 10-12 || total
-------------------------+-------+-------+-------+-------++-------
Melee: Mace              |   152 |   141 |   172 |       ||   465
       Punch             |     1 |     2 |     4 |     3 ||    10
       Morningstar       |       |       |   216 |   157 ||   373
 Abil: Heal Wounds       |     2 |     2 |     4 |     6 ||    14
Evoke: Wand              |       |       |     1 |       ||     1
  Use: Scroll            |       |     8 |    17 |     1 ||    26
       Potion            |       |       |     1 |     4 ||     5
 Stab: Sleeping          |     5 |       |       |       ||     5
       Distracted        |       |       |     5 |       ||     5
Armor: Leather armour    |    38 |     2 |       |       ||    40
       Robe              |     2 |       |       |       ||     2
       Chain mail        |       |    75 |    11 |       ||    86
       Plate armour      |       |       |   149 |    60 ||   209
Dodge: Dodged            |   116 |    82 |   124 |    59 ||   381
